 Dungeon Sprint DCSS version 0.21.1-1-g345015f (webtiles) character file.

8900000 Fang the Axe Maniac (level 27, -24/273 HPs)
             Began as a Minotaur Gladiator on May 22, 2018.
             Was the Champion of Makhleb.
             Killed from afar by a wretched soul (87 damage)
             ... with a bolt of negative energy
             ... in the Dungeon (Sprint VIII: "Arena of Blood").
             The game lasted 00:01:18 (89 turns).

Fang the Axe Maniac (Minotaur Gladiator)              Turns: 89, Time: 00:01:19

Health: -24/273    AC:  6    Str: 30    XL:     27
Magic:  31/53      EV: 30    Int:  5    God:    Makhleb [******]
Gold:   0          SH:  0    Dex: 14    Spells: 80/80 levels left

rFire    . . .     SeeInvis .   l - +∞ Axe of Woe
rCold    . . .     Gourm    .   (shield currently unavailable)
rNeg     . . .     Faith    .   b - +0 leather armour
rPois    .         Spirit   .   c - +0 hat
rElec    .         Reflect  .   (no cloak)
rCorr    .         Harm     .   (no gloves)
MR       ++...     NoTele   +   (no boots)
Stlth    +++++++++.             (no amulet)
HPRegen  0.55/turn              (no ring)
MPRegen  0.33/turn              (no ring)

@: lethally poisoned (-24 -> -26), drained
A: retaliatory headbutt, horns 2
a: Minor Destruction, Lesser Servant of Makhleb, Major Destruction, Greater
Servant of Makhleb, Renounce Religion


You were in the Dungeon.
You worshipped Makhleb.
Makhleb was exalted by your worship.
You were not hungry.

You visited 1 branch

Inventory:

Hand Weapons
 a - a +0 war axe
 l - the +∞ Axe of Woe (weapon)
   (You found it in the Dungeon)
Missiles
 d - 3 throwing nets (quivered)
Armour
 b - a +0 leather armour (worn)
 c - a +0 hat (worn)
Scrolls
 k - a scroll of blinking
Potions
 e - a potion of curing
 g - a potion of heal wounds
 h - a potion of haste
 i - 2 potions of magic
 j - a potion of berserk rage
Comestibles
 f - a ration


   Skills:
 O Level 27(25.5) Fighting
 O Level 27(25.5) Axes
 O Level 27(25.5) Throwing
 O Level 27(25.5) Armour
 O Level 27(25.5) Dodging
 O Level 27(25.5) Stealth
 O Level 27(25.5) Unarmed Combat
 O Level 27(25.5) Spellcasting
 O Level 27(25.5) Invocations


You had 80 spell levels left.
You didn't know any spells.

Dungeon Overview and Level Annotations

Branches:
Dungeon (1/1)

Altars:
Makhleb


Innate Abilities, Weirdness & Mutations

You reflexively headbutt those who attack you in melee.
You have a pair of horns on your head.


Message History

You are too injured to fight recklessly!
You are engulfed in blazing flames.
You feel sick.
The meat beast is engulfed in blazing flames.
You hear a shout! x3
The meat beast is engulfed in blazing flames.
The meat beast bites you. The meat beast tramples you!
* * * LOW HITPOINT WARNING * * *
You stumble backwards!
You hear a shout! x2
The bag of meat is engulfed in blazing flames.
You hear a shout!
The destroyer blinks!
You hear a shout! x2
The accursed points at you and mumbles some strange words.
Something smites you!
* * * LOW HITPOINT WARNING * * *
A bolt of negative energy appears from out of thin air!
Deactivating autopickup; reactivate with Ctrl-A.
The bolt of negative energy hits you!
You feel drained.
You die...

.......%....
.........z.
...%..%....
§o........
#22..M..# ..
#.§§.%..#
...###oo§§..%###.
.....§§2###......
#..§.§)@V_%%.o..
....§.#)))..#...
....o.#{)<._#
..... #)))..#
#.%.....)_......
........###......
...###... ..###.
. #... ..# #...
.#


You could see an accursed, a meat beast, 2 reapers, a destroyer, a sculptor of
flesh and 5 bags of meat.

Vanquished Creatures
  Sigmund (D)
  3 hell beasts (D)
  4 greater mummies (D)
  2 wraiths (D)
  Harold (D)
  12 vampire knights (D)
  30 ogres (D)
  8 two-headed ogres (D)
  64 orcs (D)
  4 skeletal warriors (D)
  6 large abominations (D)
  7 small abominations (D)
  12 crawling corpses (D)
154 creatures vanquished.

Vanquished Creatures (others)
  4 crawling corpses (D)
4 creatures vanquished.

Grand Total: 158 creatures vanquished

Notes
Turn   | Place    | Note
-------+----------+-------------------------------------------
     0 | D        | Found the +∞ Axe of Woe
     0 | D        | Fang the Minotaur Gladiator began the quest for the Orb.
     0 | D        | Reached XP level 1. HP: 18/18 MP: 0/0
     3 | D        | Noticed a bag of meat
     4 | D        | Became a worshipper of Makhleb the Destroyer
     7 | D        | Noticed a bag of meat
     8 | D        | Noticed a bag of meat
     9 | D        | Noticed a bag of meat
    10 | D        | Noticed a bag of meat
    11 | D        | Noticed a bag of meat
    12 | D        | Killed a bag of meat
    12 | D        | Reached skill level 10 in Throwing
    12 | D        | Reached XP level 2. HP: 40/40 MP: 1/1
    12 | D        | Reached XP level 3. HP: 47/47 MP: 2/2
    12 | D        | Reached XP level 4. HP: 55/55 MP: 3/3
    12 | D        | Reached XP level 5. HP: 60/60 MP: 4/4
    12 | D        | Reached XP level 6. HP: 68/68 MP: 5/5
    12 | D        | Reached XP level 7. HP: 74/74 MP: 6/6
    12 | D        | Reached XP level 8. HP: 82/82 MP: 7/7
    12 | D        | Reached XP level 9. HP: 89/89 MP: 8/8
    12 | D        | Reached XP level 10. HP: 95/95 MP: 9/9
    12 | D        | Reached XP level 11. HP: 102/102 MP: 10/10
    13 | D        | Killed a bag of meat
    13 | D        | Reached * piety under Makhleb
    13 | D        | Reached XP level 12. HP: 113/113 MP: 11/11
    13 | D        | Killed a bag of meat
    13 | D        | Reached XP level 13. HP: 123/123 MP: 12/12
    15 | D        | Noticed a bag of meat
    15 | D        | Killed a bag of meat
    15 | D        | Reached skill level 15 in Fighting
    15 | D        | Reached skill level 27 in Axes
    15 | D        | Reached XP level 14. HP: 109/135 MP: 13/13
    16 | D        | Noticed a meat berserker
    16 | D        | Noticed a bag of meat
    17 | D        | Noticed a meat berserker
    17 | D        | Noticed a meat berserker
    17 | D        | Killed a bag of meat
    17 | D        | Reached ** piety under Makhleb
    17 | D        | Reached skill level 1 in Armour
    18 | D        | Noticed a meat berserker
    18 | D        | Noticed a meat berserker
    19 | D        | Noticed a meat berserker
    19 | D        | Noticed a bag of meat
    19 | D        | Killed a meat berserker
    19 | D        | Reached skill level 27 in Dodging
    19 | D        | Reached XP level 15. HP: 159/159 MP: 14/14
    20 | D        | Noticed a meat berserker
    21 | D        | Killed a meat berserker
    21 | D        | Reached XP level 16. HP: 163/179 MP: 15/15
    21 | D        | Killed a meat berserker
    21 | D        | Reached *** piety under Makhleb
    21 | D        | Reached skill level 27 in Fighting
    22 | D        | Noticed a meat berserker
    22 | D        | Noticed a meat berserker
    23 | D        | Noticed a meat berserker
    23 | D        | Killed a meat berserker
    23 | D        | Reached skill level 27 in Throwing
    23 | D        | Reached XP level 17. HP: 126/191 MP: 16/16
    24 | D        | Killed a meat berserker
    24 | D        | Reached skill level 27 in Armour
    24 | D        | Killed a meat berserker
    24 | D        | Reached **** piety under Makhleb
    24 | D        | Reached XP level 18. HP: 133/200 MP: 16/30
    24 | D        | Killed a meat berserker
    24 | D        | Reached skill level 15 in Invocations
    25 | D        | Noticed a meat berserker
    25 | D        | Noticed a meat berserker
    26 | D        | Reached XP level 19. HP: 207/207 MP: 16/33
    27 | D        | Noticed a large bag of meat
    28 | D        | Noticed a destroyer
    28 | D        | Killed a meat berserker
    28 | D        | Reached skill level 27 in Stealth
    29 | D        | Noticed a large bag of meat
    29 | D        | Killed a meat berserker
    29 | D        | Reached ***** piety under Makhleb
    29 | D        | Reached XP level 20. HP: 216/216 MP: 16/37
    29 | D        | Reached skill level 15 in Spellcasting
    30 | D        | Noticed a meat berserker
    30 | D        | Noticed a meat berserker
    31 | D        | Killed a meat berserker
    32 | D        | Noticed The Servant
    32 | D        | Killed a large bag of meat
    32 | D        | Reached XP level 21. HP: 224/224 MP: 17/42
    33 | D        | Reached skill level 27 in Unarmed Combat
    33 | D        | Killed a destroyer
    33 | D        | Reached skill level 27 in Invocations
    35 | D        | Killed The Servant
    35 | D        | Reached ****** piety under Makhleb
    35 | D        | Reached skill level 27 in Spellcasting
    35 | D        | Reached XP level 22. HP: 164/233 MP: 18/52
    37 | D        | Noticed a destroyer
    37 | D        | Noticed a destroyer
    37 | D        | Noticed a large bag of meat
    37 | D        | Reached XP level 23. HP: 240/240 MP: 18/53
    39 | D        | Noticed a destroyer
    39 | D        | Noticed a destroyer
    41 | D        | Reached XP level 24. HP: 249/249 MP: 19/53
    42 | D        | Noticed a large bag of meat
    42 | D        | Killed a destroyer
    42 | D        | Reached XP level 25. HP: 257/257 MP: 19/53
    43 | D        | Noticed a large bag of meat
    44 | D        | Noticed a destroyer
    44 | D        | Noticed a large bag of meat
    44 | D        | Killed a large bag of meat
    45 | D        | Killed a destroyer
    45 | D        | Reached XP level 26. HP: 252/266 MP: 20/53
    46 | D        | Noticed a destroyer
    47 | D        | Killed a destroyer
    49 | D        | Noticed an accursed
    49 | D        | Killed a large bag of meat
    49 | D        | Reached XP level 27. HP: 273/273 MP: 21/53
    50 | D        | Killed a large bag of meat
    51 | D        | Killed a large bag of meat
    52 | D        | Noticed a destroyer
    53 | D        | Killed an accursed
    54 | D        | Killed a large bag of meat
    54 | D        | Killed a destroyer
    55 | D        | Killed a destroyer
    57 | D        | Noticed a destroyer
    58 | D        | Noticed an accursed
    58 | D        | Killed a destroyer
    58 | D        | Killed a destroyer
    59 | D        | Noticed an accursed
    60 | D        | Killed a destroyer
    61 | D        | Noticed a dread
    61 | D        | Noticed The Captor
    61 | D        | Noticed an accursed
    61 | D        | Killed a dread
    63 | D        | Noticed an accursed
    63 | D        | Noticed a destroyer
    66 | D        | Killed The Captor
    66 | D        | Killed a destroyer
    70 | D        | Noticed a meat beast
    71 | D        | Noticed a destroyer
    71 | D        | Killed an accursed
    71 | D        | Noticed a meat beast
    72 | D        | Noticed a meat beast
    73 | D        | Killed an accursed
    75 | D        | Noticed a large bag of meat
    75 | D        | Noticed a dread
    75 | D        | Noticed a large bag of meat
    76 | D        | Killed a meat beast
    77 | D        | Killed a meat beast
    78 | D        | Killed a meat beast
    82 | D        | Noticed a destroyer
    82 | D        | Killed a destroyer
    83 | D        | Killed a large bag of meat
    83 | D        | Killed an accursed
    85 | D        | Killed a large bag of meat
    86 | D        | Noticed a meat beast
    86 | D        | Noticed a destroyer
    88 | D        | Killed a destroyer
    88 | D        | Killed a dread
    89 | D        | Killed from afar by a wretched soul

Skill      XL: |  1  2  3  4  5  6  7  8  9 10 11 12 13 14 15 16 17 18 19 20 21 |
---------------+----------------------------------------------------------------+-----
Fighting       | 11 12 13 15 21 25 27 | 27.0
Axes           | 21 23 25 27 | 27.0
Throwing       | 10 11 12 13 19 22 27 | 27.0
Dodging        | 18 21 23 24 27 | 27.0
Armour         | 4 6 22 27 | 27.0
Stealth        | 11 18 27 | 27.0
Unarmed Combat | 13 16 21 26 27 | 27.0
Spellcasting   | 9 11 14 18 27 | 27.0
Invocations    | 12 15 19 24 27 | 27.0

Action                   |  1- 3 |  4- 6 |  7- 9 | 10-12 | 13-15 | 16-18 | 19-21 | 22-24 | 25-27 || total
-------------------------+-------+-------+-------+-------+-------+-------+-------+-------+-------++-------
Melee: Executioner's axe |     1 |       |       |     1 |     4 |     3 |     7 |     7 |    43 ||    66
Dodge: Dodged            |       |       |       |       |       |       |       |       |     6 ||     6
